 Dungeon Crawl Stone Soup version 0.32-a0-711-g016ad743e0 (webtiles) character file.

Game seed: 12912149973364921184

238 croobank the Chiller (level 5, -3/35 HPs)
             Began as a Demonspawn Ice Elementalist on Mar 15, 2024.
             Slain by Menkaure (17 damage)
             ... on level 4 of the Dungeon.
             The game lasted 00:09:13 (2688 turns).

croobank the Chiller (Demonspawn Ice Elementalist)  Turns: 2688, Time: 00:09:14

Health: -3/35      AC:  3    Str:  5 (8)  XL:     5   Next: 78%
Magic:  0/9        EV: 12    Int: 15 (17) God:
Gold:   130        SH:  0    Dex: 14 (16) Spells: 3/10 levels left

rFire   . . .        a - +4 dagger
rCold   . . .        (no shield)
rNeg    . . .        k - +0 robe
rPois   .            (no helmet)
rElec   .            (no cloak)
rCorr   .            j - +0 pair of gloves
SInv    .            (no boots)
Will    .....        (no amulet)
Stlth   ++           (no ring)
HPRegen 0.25/turn    (no ring)
MPRegen 0.22/turn

%: guardian spirit
@: confused, invisible
A: thin skeletal structure 1, foul stench 1, magic shield, magic regeneration
a: no special abilities


You were on level 4 of the Dungeon.
You visited 1 branch of the dungeon, and saw 4 of its levels.

You collected 130 gold pieces.

Inventory:

Hand Weapons
 a - a +4 dagger (weapon)
 i - a +0 short sword
 o - a +1 flail of protection
Armour
 d - a +0 leather armour
 j - a +0 pair of gloves (worn)
 k - a +0 robe (worn)
Scrolls
 e - a scroll of noise {unknown}
 f - 2 scrolls of fear {unknown}
 h - 5 scrolls of identify {unknown}
 l - a scroll of enchant armour {unknown}
 p - a scroll of poison {unknown}
 q - a scroll of blinking {unknown}
Potions
 b - a potion of magic
 c - a potion of degeneration
 g - 3 potions of invisibility
 m - a potion of attraction {unknown}
 n - 2 potions of heal wounds {unknown}


   Skills:
 + Level 3.1 Dodging
 + Level 3.3 Stealth
 + Level 3.2 Spellcasting
 + Level 4.5 Ice Magic


You had 3 spell levels left.
You knew the following spells:

 Your Spells              Type           Power      Damage    Failure   Level
a - Freeze                Ice            64%        1d7       3%          1
b - Frozen Ramparts       Ice            32%        1d5       9%          3
c - Ozocubu's Armour      Ice            16%        N/A       9%          3

Your spell library contained the following spells:

 Spells                   Type           Power      Damage    Failure   Level
 Kiss of Death            Conj/Necr      8%         2d6       21%         1
 Summon Ice Beast         Ice/Summ       9%         N/A       24%         3
 Confusing Touch          Hex            2%         N/A       52%         3
 Dispel Undead            Necr           2%         3d7       89%         4


Dungeon Overview and Level Annotations

Branches:
Dungeon (4/15)
 Temple: D:4-7

Altars:

Shops:
D:3 (

Annotations:
D:4 Menkaure, Sigmund


Innate Abilities, Weirdness & Mutations

You have a somewhat thin skeletal structure. (Dex +2, Stealth+)
You may rarely emit foul miasma when damaged in melee.
When hurt, damage is shared between your health and your magic reserves.
You regenerate magic rapidly.


Message History

No target in view!
Found a leather armour.
A hobgoblin comes into view.
A hobgoblin is nearby!
Sigmund the Dreaded comes into view.
He is wielding a +0 scythe.
The helpless hobgoblin fails to defend itself.
You puncture the hobgoblin!
You kill the hobgoblin!
No target in view!
Menkaure, Prince of Dust comes into view.
Menkaure shouts!
Menkaure gestures wildly while chanting.
Menkaure seems to speed up.
Okay, then.
Casting: Freeze (safe; 2% risk of failure)
Confirm with . or Enter, or press ? or * to list all spells.
Okay, then.
This spell is quite dangerous to cast!
You start memorising the spell.
You continue memorising. x3
Sigmund shouts!
Sigmund points at you and mumbles some strange words.
Your memorisation is interrupted.
You are confused.
Okay, then.
Unknown command.
You are too confused!
It was a potion of degeneration.
There was something very wrong with that liquid.
You feel weakened.
You feel dopey.
You feel clumsy.
Sigmund gestures wildly while chanting.
Sigmund flickers and vanishes!
Deactivating autopickup; reactivate with Ctrl-A.
It was a potion of invisibility.
You fade into invisibility!
Menkaure completely misses you.
You barely miss Menkaure. Menkaure misses you. Menkaure hits you!
You're too confused to move!
Menkaure hits you!
Menkaure's ankle releases a plume of dust as he confides, "I'm not really a mummy, you know."
Menkaure hits you!!
You die...

..♣## ....# #M ..#.##
#### ##... ..#..#
##..# ##...#
..#..#####...####.@..#
.##...........#....#
##..#####........#
..### ##......M## .#
##.....@.## #
###......# ###.†...#
####..# #..# #..# ...#
#..# ..


You could see Menkaure (fast).

Vanquished Creatures
  An orc priest (D:3)
  A jelly (D:4)
  A hound (D:4)
  An orc wizard (D:3)
  Natasha (D:2)
  A gnoll (D:1)
  3 adders (D:2)
  A ribbon worm (D:2)
  2 dart slugs
  8 orcs
  3 bats
  An endoplasm (D:3)
  2 giant cockroaches (D:3)
  5 goblins
  2 hobgoblins
  2 quokkas
  6 ball pythons
  3 frilled lizards
  5 kobolds
  6 rats
55 creatures vanquished.

Notes
Turn   | Place    | Note
-------+----------+-------------------------------------------
     0 | D:1      | croobank the Demonspawn Ice Elementalist began the quest
                  | for the Orb.
     0 | D:1      | Reached XP level 1. HP: 13/13 MP: 3/3
   455 | D:1      | Gained mutation: You regenerate magic rapidly. [demonic
                  | ancestry]
   455 | D:1      | Reached XP level 2. HP: 9/19 MP: 0/5
   937 | D:2      | Found a faded altar of an unknown god.
  1020 | D:2      | Gained mutation: You may rarely emit foul miasma when
                  | damaged in melee. [demonic ancestry]
  1020 | D:2      | Reached XP level 3. HP: 20/24 MP: 0/6
  1050 | D:2      | Learned a level 3 spell: Frozen Ramparts
  1339 | D:2      | Reached skill level 4 in Ice Magic
  1407 | D:2      | Noticed Natasha
  1413 | D:2      | Killed Natasha
  1414 | D:2      | Gained mutation: When hurt, damage is shared between your
                  | health and your magic reserves. [demonic ancestry]
  1414 | D:2      | Reached XP level 4. HP: 25/30 MP: 2/8
  1906 | D:3      | Found Jote's Antique Weapon Emporium.
  2054 | D:3      | Gained mutation: You have a somewhat thin skeletal
                  | structure. (Dex +2, Stealth+) [demonic ancestry]
  2054 | D:3      | Reached XP level 5. HP: 26/35 MP: 5/9
  2442 | D:3      | Learned a level 3 spell: Ozocubu's Armour
  2668 | D:4      | Noticed Sigmund
  2677 | D:4      | Noticed Menkaure
  2688 | D:4      | Slain by Menkaure

Illustrated notes

Levels and vault maps discovered:
D:1:      ncdulo_watergridlock, layout_basic, serial_corexii_hall,
          chequers_hall_statues_wall_a, corexii_hall_statues_s,
          minmay_strange_pillars, corexii_item_surrounded_by_moat,
          minmay_heptomino_h4
D:2:      layout_basic, nicolae_ecumenical_pavilion, uniq_natasha
D:3:      layout_basic, serial_shops, nicolae_shop_tiny_waterfront
D:4:      layout_cave_pods, elyvilon_altar_3, minmay_ruined_shrine,
          uniq_sigmund, uniq_blork_the_orc, uniq_menkaure, uniq_grinder

Skill      XL: |  1  2  3  4  5 |
---------------+----------------+-----
Stealth        | 2 3 |  3.3
Dodging        | 2 3 |  3.1
Ice Magic      | 4 |  4.5
Spellcasting   | 3 |  3.2

Action                     |  1- 3 |  4- 6 || total
---------------------------+-------+-------++-------
  Melee: Unarmed           |     9 |       ||     9
         Dagger            |    15 |    31 ||    46
   Cast: Freeze            |    40 |     7 ||    47
         Frozen Ramparts   |     8 |    11 ||    19
    Use: Potion            |     1 |     2 ||     3
   Stab: Sleeping          |     1 |     3 ||     4
         Distracted        |       |     1 ||     1
 Armour: Robe              |    26 |    18 ||    44
  Dodge: Dodged            |    26 |    21 ||    47

Table legend: (Time is in decaauts)
 A = Elapsed time spent in this place.
 B = Non-inter-level travel time spent in this place.
 C = Inter-level travel time spent in this place.
 D = Time resting spent in this place.
 E = Time spent auto-exploring this place.
 F = Levels seen in this place.
 G = Mean time per level.
                   A        B        C        D        E       F      G
               +--------+--------+--------+--------+--------+-----+--------+
         Total |   2696 |   2633 |     63 |    284 |   1881 |   4 |  674.0 |
       Dungeon |   2696 |   2633 |     63 |    284 |   1881 |   4 |  674.0 |
               +--------+--------+--------+--------+--------+-----+--------+

Top non-repeatable levels by time:
     D:1: 937 daAuts
     D:3: 831 daAuts
     D:2: 716 daAuts
     D:4: 209 daAuts
